 Dungeon Crawl Stone Soup version 0.28-a0-863-g8cecda6153 (webtiles) character file.

Game seed: 2153175188335985728

3786 ders the Geomancer (level 10, -3/50 HPs)
             Began as a Gargoyle Earth Elementalist on Nov 16, 2021.
             Was a Follower of Vehumet.
             Slain by Harold (14 damage)
             ... on level 9 of the Dungeon.
             The game lasted 00:10:55 (10672 turns).

ders the Geomancer (Gargoyle Earth Elementalist)   Turns: 10672, Time: 00:10:55

Health: -3/50      AC: 15    Str: 11    XL:     10   Next: 16%
Magic:  17/19      EV: 11    Int: 20    God:    Vehumet [*.....]
Gold:   286        SH:  0    Dex: 10    Spells: 13/21 levels left

rFire   + . .      SeeInvis .   f - +1 great mace (protect)
rCold   . . .      Faith    .   (shield currently unavailable)
rNeg    + . .      Spirit   .   o - +2 robe {rC+}
rPois   ∞          Reflect  .   (no helmet)
rElec   +          Harm     .   m - +0 cloak {Will+}
rCorr   .          Rampage  .   l - +0 pair of gloves
Will    +....                   k - +1 pair of boots
Stlth   ++........              (no amulet)
HPRegen 0.16/turn               y - ring of fire
MPRegen 0.16/turn               (no ring)

@: brilliant, hasted, very quick
A: sickness immunity, AC +7, negative energy resistance 1, electricity
resistance, torment resistance 1, petrification resistance
a: Renounce Religion


You were on level 9 of the Dungeon.
You worshipped Vehumet.
Vehumet was aware of your devotion.
You visited 2 branches of the dungeon, and saw 10 of its levels.

You collected 286 gold pieces.

Inventory:

Hand Weapons
 e - a +0 vorpal spear
 f - a +1 great mace of protection (weapon)
Missiles
 c - 104 stones
 u - a throwing net
Armour
 b - a +0 robe
 k - a +1 pair of boots (worn)
 l - a +0 pair of gloves (worn)
 m - a +0 cloak of willpower (worn)
 o - a +2 robe of cold resistance (worn)
Jewellery
 y - a ring of fire (left hand)
Wands
 a - a wand of polymorph (10)
 q - a wand of iceblast (13)
 t - a wand of mindburst (12)
Scrolls
 d - 2 scrolls of amnesia
 n - a scroll of identify
 r - 2 scrolls of immolation
 s - a scroll of magic mapping
Potions
 g - a potion of brilliance
 i - a potion of degeneration
 j - 2 potions of might


   Skills:
 + Level 1.5 Dodging
 + Level 2.1 Stealth
 + Level 6.2 Spellcasting
 + Level 9.7 Conjurations
 + Level 1.4 Transmutations
 + Level 11.3 Earth Magic


You had 13 spell levels left.
You knew the following spells:

 Your Spells              Type           Power      Damage    Failure   Level
a - Sandblast             Erth           100%       2d20      1%          1
b - Stone Arrow           Conj/Erth      100%       3d13      1%          3
c - Flame Wave            Conj/Fire      55%        3d10      14%         4

Your spell library contained the following spells:

 Spells                   Type           Power      Damage    Failure   Level
 Shock                    Conj/Air       100%       1d9       1%          1
 Passwall                 Tmut/Erth      39%        N/A       1%          2
 Petrify                  Tmut/Erth      47%        N/A       8%          4
 Animate Skeleton         Necr           18%        N/A       11%         1
 Pain                     Necr           36%        1d5       11%         1
 Corpse Rot               Necr/Air       18%        N/A       16%         2
 Ensorcelled Hibernation  Hex/Ice        18%        N/A       16%         2
 Scorch                   Fire           28%        2d6       16%         2
 Gell's Gravitas          Tloc           9%         N/A       30%         3
 Lesser Beckoning         Tloc           9%         N/A       30%         3
 Teleport Other           Tloc           9%         N/A       30%         3
 Tukima's Dance           Hex            9%         N/A       30%         3
 Vampiric Draining        Necr           9%         2d6       30%         3
 Dispel Undead            Necr           9%         3d8       71%         4
 Death Channel            Necr           4%         N/A       100%        6
 Summon Cactus Giant      Summ           4%         N/A       100%        6


Dungeon Overview and Level Annotations

Branches:
Dungeon (9/15)             Temple (1/1) D:7
   Lair: D:8-11         Orc: D:9-12

Altars:
Ashenzari
Cheibriados
Dithmenos
Elyvilon
Fedhas
Gozag
Hepliaklqana
Kikubaaqudgha
Makhleb
Nemelex Xobeh
Okawaru
Qazlal
Ru
Sif Muna
Uskayaw
Vehumet
Xom
Yredelemnul
Zin
The Shining One

Shops:
D:2 !

Annotations:
D:9 Harold


Innate Abilities, Weirdness & Mutations

You are immune to sickness and miasma.
Your stone body is resilient. (AC +7)
You are immune to poison.
You resist negative energy. (rN+)
You are resistant to electric shocks. (rElec)
You are resistant to unholy torment.
You are immune to petrification.


Message History

You feel clever all of a sudden. Harold barely misses you.
The kobold hits you but does no damage.
You struggle against the net.
Your surroundings suddenly seem different.
Found a wand of iceblast (8).
The kobold brigand throws a curare-tipped dart.
The curare-tipped dart hits you.
The kobold throws a stone.
The stone barely misses you.
Found a robe.
The kobold brigand throws a curare-tipped dart.
The curare-tipped dart hits you.
Harold says, "Try to look on the bright side.
Your death will help put my children through school."
Harold throws a throwing net.
The throwing net hits you.
You become entangled in the net!
You see here a throwing net.
Really read the scroll of immolation? [Y]es or [N]o only, please.
Really read the scroll of immolation? [Y]es or [N]o only, please.
Really read the scroll of immolation? [Y]es or [N]o only, please.
Really read the scroll of immolation? [Y]es or [N]o only, please.
Really read the scroll of immolation? [Y]es or [N]o only, please.
Really read the scroll of immolation? [Y]es or [N]o only, please.
Really read the scroll of immolation? [Y]es or [N]o only, please.
Really read the scroll of immolation?
Okay, then.
Okay, then.
You feel yourself speed up.
The kobold throws a stone.
The stone barely misses you. Harold fires a harpoon shot at you.
The harpoon shot hits you.
* * * LOW HITPOINT WARNING * * *
You are yanked forward by the harpoon shot.
Harold hits you from afar with a +0 glaive!
You die...

...[. ..... ...../
...... .. ......# ##.#
.# .#.....#### #..## #.#
#.........####...## #..#
#.....(..@.......##...#
#...........@..........#
...........K.........#
.........oK.........##
##...............(...#
#........Ko...K.....##
.....................<#
#....###.............##
#... ...........#...#


You could see Harold, a kobold brigand, 2 orcs and 3 kobolds.

Vanquished Creatures
  Pikel (D:8)
  Joseph (D:7)
  Grinder (D:3)
  Grum (D:8)
  A water moccasin (D:6)
  Menkaure (D:7)
  2 orc warriors (D:8)
  A sky beast (D:8)
  An ice beast (D:6)
  3 necrophages
  3 wolves (D:8)
  An ogre (D:5)
  A centaur (D:6)
  3 lemures
  A kobold brigand (D:8)
  A bullfrog (D:7)
  3 scorpions
  10 wights
  3 howler monkeys
  2 bullfrog zombies
  3 hounds
  A bullfrog skeleton (D:5)
  Crazy Yiuf (D:3)
  A centaur skeleton (D:7)
  A centaur zombie (D:8)
  6 orc wizards
  A howler monkey zombie (D:8)
  A howler monkey skeleton (D:3)
  6 adders
  A white imp (D:7)
  3 ufetubi
  2 adder skeletons
  3 worms (D:2)
  3 dart slugs
  26 orcs
  4 endoplasms
  4 giant cockroaches
  8 goblins
  6 hobgoblins
  3 jackals (D:5)
  8 kobolds
  A quokka (D:4)
  5 ball pythons
  3 bats
  2 frilled lizards
  A quokka skeleton (D:4)
  4 rats
149 creatures vanquished.

Notes
Turn   | Place    | Note
-------+----------+-------------------------------------------
     0 | D:1      | ders the Gargoyle Earth Elementalist began the quest for
                  | the Orb.
     0 | D:1      | Reached XP level 1. HP: 10/10 MP: 3/3
   113 | D:1      | Reached skill level 1 in Transmutations
   116 | D:1      | Reached XP level 2. HP: 15/15 MP: 0/5
   561 | D:1      | Reached skill level 4 in Earth Magic
   623 | D:1      | Found a faded altar of an unknown god.
   992 | D:2      | Found Mackik's Distillery.
  1218 | D:2      | Reached XP level 3. HP: 19/19 MP: 3/6
  1222 | D:2      | Learned a level 3 spell: Stone Arrow
  1950 | D:3      | Reached skill level 1 in Conjurations
  1954 | D:3      | Reached XP level 4. HP: 23/24 MP: 0/7
  2314 | D:3      | Found a sacrificial altar of Ru.
  2369 | D:3      | Found a runed translucent door.
  2370 | D:3      | Noticed Crazy Yiuf
  2387 | D:3      | Noticed Grinder
  2390 | D:3      | Paralysed by Grinder for 2 turns
  2406 | D:3      | Paralysed by Grinder for 6 turns
  2415 | D:3      | Killed Grinder
  2416 | D:3      | Reached skill level 5 in Earth Magic
  2416 | D:3      | Reached XP level 5. HP: 20/28 MP: 3/9
  2416 | D:3      | Reached XP level 6. HP: 23/32 MP: 3/10
  2514 | D:3      | You fall into a shaft and drop 2 floors!
  2514 | D:5      | Entered Level 5 of the Dungeon
  2578 | D:4      | Reached skill level 6 in Earth Magic
  3473 | D:3      | Killed Crazy Yiuf
  3626 | D:4      | Reached XP level 7. HP: 36/36 MP: 5/12
  4362 | D:5      | Reached skill level 5 in Conjurations
  4362 | D:5      | Reached skill level 7 in Earth Magic
  5311 | D:6      | Reached XP level 8. HP: 40/41 MP: 7/14
  5335 | D:6      | HP: 2/41 [centaur/arrow (4)]
  5697 | D:6      | Reached skill level 8 in Earth Magic
  6641 | D:7      | Noticed Menkaure
  6648 | D:7      | Killed Menkaure
  6959 | D:7      | Noticed Joseph
  7062 | D:7      | Killed Joseph
  7063 | D:7      | Reached skill level 5 in Spellcasting
  7063 | D:7      | Reached skill level 9 in Earth Magic
  7063 | D:7      | Reached XP level 9. HP: 7/45 MP: 0/16
  7516 | D:7      | Learned a level 4 spell: Flame Wave
  7743 | D:7      | Found a staircase to the Ecumenical Temple.
  7854 | Temple   | Entered the Ecumenical Temple
  8127 | Temple   | Became a worshipper of Vehumet
  8515 | D:8      | Noticed Pikel
  8724 | D:8      | Noticed Grum
  8724 | D:8      | Noticed a gargoyle
  9019 | D:8      | Reached skill level 10 in Earth Magic
  9379 | D:8      | Found an iron altar of Okawaru.
  9379 | D:8      | Found a burning altar of Makhleb.
  9379 | D:8      | Found a stormy altar of Qazlal.
  9379 | D:8      | Found a glowing silver altar of Zin.
  9574 | D:8      | Found a shadowy altar of Dithmenos.
 10010 | D:8      | Killed Pikel
 10165 | D:8      | Reached skill level 11 in Earth Magic
 10165 | D:8      | Reached XP level 10. HP: 44/50 MP: 1/19
 10196 | D:8      | Reached * piety under Vehumet
 10196 | D:8      | Offered knowledge of Shock by Vehumet.
 10349 | D:8      | Killed Grum
 10656 | D:9      | Noticed Harold
 10672 | D:9      | Slain by Harold

Illustrated notes

Levels and vault maps discovered:
D:1:      denvon_arrival_waterhouse, layout_loops_ring,
          hellmonk_ecumenical_altar_crossroads, kennysheep_nondescript,
          minmay_indecisive_spiral
D:2:      layout_basic, serial_shops, shop, minmay_door_square,
          nicolae_wormholes
D:3:      cheibrodos_old_hovel, layout_basic, hangedman_ru_absence,
          serial_corexii_hall, chequers_hall_statues_wall_a,
          corexii_hall_statues_u, corexii_hall_statues_l, grunt_ministairs_10,
          uniq_grinder, uniq_crazy_yiuf_cottage
D:4:      layout_rooms
D:5:      layout_basic, hex_medium
D:6:      layout_basic
D:7:      layout_layer_cave, minmay_temple_entry_tees, minmay_misc_feat_tower,
          uniq_joseph, uniq_menkaure
D:8:      layout_loops_cross, nicolae_dithmenos_through_a_glass_darkly,
          grunt_temple_overflow_cloverleaf, uniq_pikel, uniq_grum
D:9:      layout_cave_pools, nicolae_overflow_hidden_temple, serial_gnoll_camp,
          gnoll_camp_mini_shop, gnoll_camp_mini_shop, grums_kennel,
          gnoll_camp_mini_hut, amcnicky_mini_pool_small, minivault_12,
          uniq_harold
Temple:   minmay_temple_curvy_branch

Skill      XL: |  1  2  3  4  5  6  7  8  9 |
---------------+----------------------------+-----
Transmutations | 1 |  1.4
Earth Magic    | 4 5 6 7 9 11 | 11.3
Conjurations   | 1 3 4 5 7 9 |  9.7
Spellcasting   | 3 4 5 6 |  6.2
Dodging        | |  1.5
Stealth        | |  2.1

Action                   |  1- 3 |  4- 6 |  7- 9 | 10-12 || total
-------------------------+-------+-------+-------+-------++-------
Melee: Spear             |     7 |       |       |       ||     7
       Great mace        |    19 |    12 |    21 |     9 ||    61
       Unarmed           |       |     3 |       |       ||     3
 Cast: Sandblast         |    40 |    35 |    64 |     9 ||   148
       Stone Arrow       |       |     6 |    90 |     8 ||   104
  Use: Potion            |       |     6 |     1 |     2 ||     9
       Scroll            |       |       |    16 |     1 ||    17
 Stab: Distracted        |     1 |       |       |       ||     1
Armor: Robe              |    11 |    19 |    56 |    12 ||    98
       Skin              |       |     1 |       |       ||     1
Dodge: Dodged            |    37 |    16 |    45 |    17 ||   115

Table legend: (Time is in decaauts)
 A = Elapsed time spent in this place.
 B = Non-inter-level travel time spent in this place.
 C = Inter-level travel time spent in this place.
 D = Time resting spent in this place.
 E = Time spent auto-exploring this place.
 F = Levels seen in this place.
 G = Mean time per level.
                   A        B        C        D        E       F      G
               +--------+--------+--------+--------+--------+-----+--------+
         Total |  10733 |  10228 |    505 |   3498 |   5673 |  10 | 1073.3 |
       Dungeon |  10434 |   9978 |    456 |   3498 |   5426 |   9 | 1159.3 |
        Temple |    298 |    249 |     49 |      0 |    247 |   1 |  298.0 |
               +--------+--------+--------+--------+--------+-----+--------+

Top non-repeatable levels by time:
     D:7: 2321 daAuts
     D:8: 1465 daAuts
     D:6: 1418 daAuts
     D:3: 1407 daAuts
     D:5: 1165 daAuts
     D:2: 1077 daAuts
     D:1: 948 daAuts
     D:4: 615 daAuts
  Temple: 298 daAuts
     D:9: 14 daAuts
